 Dungeon Crawl Stone Soup version 0.26.1-11-gd32895ea62 (webtiles) character file.

Game seed: 17711188329390488232

62 Zeld the Skirmisher (level 4, -1/33 HPs)
             Began as an Octopode Fighter on May 10, 2021.
             Slain by a gnoll (9 damage)
             ... on level 2 of the Dungeon.
             The game lasted 00:03:01 (1721 turns).

Zeld the Skirmisher (Octopode Fighter)              Turns: 1721, Time: 00:03:02

Health: -1/33      AC:  1    Str: 16    XL:     4   Next: 8%
Magic:  4/4        EV: 11    Int: 10    God:
Gold:   108        SH:  9    Dex: 11    Spells: 3/3 levels left

rFire    . . .     SeeInvis .   a - +0 war axe
rCold    . . .     Faith    .   b - +0 kite shield
rNeg     . . .     Spirit   .   (helmet restricted)
rPois    .         Reflect  .   (no amulet)
rElec    .         Harm     .   (no ring)
rCorr    .         Rampage  .   (no ring)
Will     .....                  (no ring)
Stlth    ++........             (no ring)
HPRegen  0.11/turn              (no ring)
MPRegen  0.09/turn              (no ring)
                                (no ring)
                                (no ring)

@: no status effects
A: almost no armour, stealthy swim, amphibious, 8 rings, constrict 8, camouflage
1, gelatinous body 1
a: no special abilities


You were on level 2 of the Dungeon.
You visited 1 branch of the dungeon, and saw 3 of its levels.

You collected 108 gold pieces.

Inventory:

Hand Weapons
 a - a +0 war axe (weapon)
Missiles
 q - 8 javelins (quivered)
Armour
 b - a +0 kite shield (worn)
Jewellery
 k - a cursed -4 ring of dexterity {unknown}
Wands
 m - a wand of polymorph (12)
Scrolls
 d - 3 scrolls of identify {unknown}
 e - 2 scrolls of teleportation {unknown}
 g - 2 scrolls of immolation {unknown}
 i - a scroll of remove curse {unknown}
 j - a scroll of enchant weapon {unknown}
 n - a scroll of random uselessness {unknown}
 r - a scroll of enchant armour {unknown}
 s - a scroll of magic mapping {unknown}
Potions
 c - a potion of might
 f - a potion of brilliance {unknown}
 h - 3 potions of degeneration {unknown}
 l - a potion of cancellation {unknown}
 o - a potion of heal wounds {unknown}
 p - a potion of attraction {unknown}


   Skills:
 - Level 3.7 Fighting
 - Level 2.9 Axes
 * Level 0.0 Throwing
 - Level 3.0 Dodging
 - Level 3.6 Shields


You had 3 spell levels left.
You didn't know any spells.
Your spell library was empty.

Dungeon Overview and Level Annotations

Branches:
Dungeon (3/15)

Altars:
Ashenzari
Kikubaaqudgha
Makhleb


Innate Abilities, Weirdness & Mutations

You cannot wear most types of armour.
You are very stealthy in the water. (Stealth+)
You are amphibious.
You can wear up to eight rings at the same time.
You can use your tentacles to constrict eight enemies at once.
Your skin changes colour to match your surroundings (Stealth+).
Your rubbery body absorbs attacks. (AC +1, EV +1)


Message History

You are held in a net!
You are held in a net!
You shred the net and break free!
The gnoll hits you from afar with a +0 spear!
Found a quarterstaff.
Found a broken altar of Ashenzari.
The bat barely misses you. The bat hits you.
There is a stone staircase leading up here.
The gnoll hits you! The bat barely misses you. The gnoll closely misses you.
You climb upwards.
There is a stone staircase leading down here.
You barely miss the gnoll. Your grab misses the gnoll. The gnoll hits you.
You are too injured to fight recklessly!
You are too injured to fight recklessly!
You are too injured to fight recklessly!
You hit the gnoll but do no damage. You grab the gnoll.
You constrict the gnoll. The gnoll hits you.
* * * LOW HITPOINT WARNING * * *
The gnoll hits you!
You die...

##### #...####### #...#
#.........####
#...###............##
#...#...##.....###..## ######
#.....####.....#
##..######..... ##.....#
#.....# ##............ ......##
##..#..# ########.....
##.....###..###.###### ###.##
##.###...#.## #g@....### #..#
...#####...## ######...# #.##
............##########.######.#
##........#.......####........#
...######..######.............#
.######.........######.......##
.....##.##..###...# #........#
......#.###..####.###........#
........# ##>.# #.........(..#


You could see a gnoll.

Vanquished Creatures
  An adder (D:2)
  An ooze (D:1)
  2 worms
  2 dart slugs (D:1)
  A leopard gecko (D:2)
  2 giant cockroaches
  11 goblins
  2 hobgoblins
  3 bats
  2 frilled lizards (D:1)
  4 kobolds
  5 rats
36 creatures vanquished.

Vanquished Creatures (others)
  A plant (D:2)
1 creature vanquished.

Grand Total: 37 creatures vanquished

Notes
Turn   | Place    | Note
-------+----------+-------------------------------------------
     0 | D:1      | Zeld the Octopode Fighter began the quest for the Orb.
     0 | D:1      | Reached XP level 1. HP: 16/16 MP: 1/1
   114 | D:1      | Reached XP level 2. HP: 6/21 MP: 2/2
   940 | D:1      | Reached XP level 3. HP: 26/26 MP: 3/3
  1357 | D:2      | Found an ancient bone altar of Kikubaaqudgha.
  1400 | D:2      | Found a faded altar of an unknown god.
  1635 | D:3      | Reached XP level 4. HP: 31/33 MP: 4/4
  1640 | D:3      | Found a burning altar of Makhleb.
  1715 | D:3      | Found a broken altar of Ashenzari.
  1721 | D:2      | Slain by a gnoll

Illustrated notes

Levels and vault maps discovered:
D:1:      amcnicky_arrival_underground_garden, layout_basic, nrook_campfire
D:2:      layout_rooms, lemuel_crystal_altar, chequers_ecumenical_altar_simple,
          serial_bayou_crossing
D:3:      layout_rooms, general_overflow_altar, grunt_gozag_breadcrumbs,
          tso_oasis_becter, grunt_temple_overflow_open

Action                   |  1- 3 |  4- 6 || total
-------------------------+-------+-------++-------
Melee: War axe           |    65 |     8 ||    73
       Tentacles         |     8 |     1 ||     9
       Constrict         |    12 |     3 ||    15
 Stab: Sleeping          |     6 |       ||     6
Armor: Skin              |     3 |       ||     3
Dodge: Dodged            |    29 |     5 ||    34
Block: Kite shield       |    32 |     2 ||    34
